 Dungeon Crawl Stone Soup version 0.30-a0-965-g42e074c17a (webtiles) character file.

Game seed: 16517437568238478598

8388 Newt the Cleaver (level 11, -5/81 HPs)
             Began as a Demonspawn Gladiator on Mar 31, 2023.
             Was an Initiate of Gozag.
             Shot with an arrow by a centaur warrior (11 damage)
             ... on level 10 of the Dungeon.
             The game lasted 00:17:13 (11021 turns).

Newt the Cleaver (Demonspawn Gladiator)            Turns: 11021, Time: 00:17:13

Health: -5/81      AC: 15    Str: 18    XL:     11   Next: 9%
Magic:  0/11       EV: 14    Int: 11    God:    Gozag
Gold:   1347       SH:  6    Dex: 14    Spells: 10/10 levels left

rFire   . . .      SeeInvis +    n - +5 war axe (distort)
rCold   + . .      Faith    .    (no shield)
rNeg    . . .      Spirit   +    A - +2 chain mail {rC+}
rPois   .          Reflect  .    y - +2 helmet
rElec   .          Rampage  .    (no cloak)
rCorr   .                        (no gloves)
Will    .....                    (no boots) Stlth
                                 v - amulet of guardian spirit
HPRegen 0.33/turn                w - +5 ring of evasion
MPRegen 0.12/turn                l - ring of see invisible

@: frozen, gold aura, very slow
A: claws 2, large bone plates 2, spiny 1
a: Renounce Religion, Potion Petition, Call Merchant, Bribe Branch


You were on level 10 of the Dungeon.
You worshipped Gozag.
Gozag was most pleased with you.
You visited 1 branch of the dungeon, and saw 10 of its levels.

You collected 1739 gold pieces.
You spent 392 gold pieces at shops.

Inventory:

Hand Weapons
 a - a +0 rapier
 m - a +0 short sword of protection
 n - a +5 war axe of distortion (weapon)
Missiles
 d - 5 throwing nets
 e - a javelin
 j - 42 stones (quivered)
 q - 4 atropa-tipped darts
Armour
 b - a +0 leather armour
 c - a +0 helmet
 y - a +2 helmet (worn)
 A - a +2 chain mail of cold resistance (worn)
 C - a +2 chain mail of willpower
 H - a +3 leather armour of cold resistance
 M - a +0 leather armour of willpower
Jewellery
 i - a ring of positive energy
 l - a ring of see invisible (right claw)
 p - a ring of wizardry
 v - an amulet of guardian spirit (around neck)
 w - a +5 ring of evasion (left claw)
 B - a ring of resist corrosion
Wands
 F - a wand of polymorph (4)
 K - a wand of mindburst (19)
Scrolls
 f - 2 scrolls of butterflies
 g - 3 scrolls of amnesia
 h - a scroll of noise
 k - 5 scrolls of teleportation
 E - 2 scrolls of magic mapping
 I - a scroll of enchant armour
 J - a scroll of blinking
Potions
 o - 5 potions of curing
 r - 2 potions of berserk rage
 s - 2 potions of cancellation
 t - a potion of degeneration
 u - a potion of mutation {unknown}
 x - 3 potions of haste
 z - a potion of magic
 D - a potion of ambrosia


   Skills:
 - Level 6.0 Fighting
 - Level 4.0 Short Blades
 + Level 11.4 Axes
 - Level 4.0 Throwing
 - Level 6.0 Armour
 - Level 4.0 Dodging
 - Level 1.5 Stealth
 - Level 5.0 Evocations


You had 10 spell levels left.
You didn't know any spells.
Your spell library contained the following spells:

 Spells                   Type           Power      Damage    Failure   Level
 Magic Dart               Conj           0%         1d3       98%         1
 Call Imp                 Summ           0%         N/A       99%         2
 Searing Ray              Conj           0%         2d4       99%         2
 Mephitic Cloud           Conj/Pois/Air  0%         N/A       100%        3
 Fulminant Prism          Conj/Hex       0%         3d5       100%        4


Dungeon Overview and Level Annotations

Branches:
Dungeon (10/15)            Temple (0/1) D:6
   Lair: D:8-11         Orc: D:9-12

Altars:
Gozag
Okawaru
Uskayaw

Shops:
D:1 (

Annotations:
D:8 4 transporters


Innate Abilities, Weirdness & Mutations

You have very sharp fingernails.
You are mostly covered in large bone plates. (SH +6)
You are partially covered in sharp spines.


Message History

The cyclops misses you.
The howler monkey hoots and howls with incredible vigour!
You hear two shouts!
You hit the cyclops.
Space warps around the cyclops.
The cyclops is severely wounded.
The cyclops is struck by your spines. The cyclops hits you!
The boulder beetle leaps!
You hit the cyclops.
Space warps horribly around the cyclops!
You kill the cyclops!
The centaur warrior wields a +0 longbow.
The centaur warrior shoots an arrow.
The arrow hits you! The kobold attacks as you move away!
The kobold is struck by your spines. The kobold hits you but does no damage.
You see here 3 gold pieces.
Unknown command.
A kobold comes into view. It is wielding a +0 whip.
The kobold shouts!
You hear an angry hiss.
The howler monkey hoots and howls with incredible vigour!
The centaur warrior shoots an arrow.
The arrow hits you!
You hear a shout!
The centaur warrior shoots an arrow.
The arrow hits you.
A rime drake comes into view.
The centaur warrior shoots an arrow.
The arrow barely misses you.
You hear a shout!
Items here: $ )) [.
The centaur warrior shoots an arrow.
The arrow hits you!
* * * LOW HITPOINT WARNING * * *
Things that are here:
24 gold pieces; a +0 giant club; a +0 giant club The rime drake breathes ice at you.
The icy flash freeze hits you but does no damage.
You are encased in ice.
A kobold comes into view. It is wielding a +0 short sword.
The centaur warrior shoots an arrow.
The arrow hits you!!
* * * LOW HITPOINT WARNING * * *
There is a stone staircase leading up, spattered with blood here.
The centaur warrior shoots an arrow.
The arrow hits you!
You die...
Your body crumbles into a pile of gold. #B. .?...##.... #.. .....#....... ### ..##.......$..... ....#K.#............. ...KKhK

.............
#KW$##.^..........
. #c#.#..........
....##$.$#.........
#.......$$@........
####....$..........
#...............
#..K#...~.#.....
#.....k.........
#...............
#.....#.#.~....##
....K............
...#.#...#.#....


You could see a centaur warrior, a rime drake (catching breath) and 2 kobolds.

Vanquished Creatures
  A two-headed ogre (D:10)
  An ugly thing (D:10)
  A cyclops (D:10)
  A shadow (D:10)
  A vampire (D:9)
  7 yaks (D:9)
  Eustachio (D:6)
  A steam dragon (D:8)
  2 vampire mosquitoes (D:9)
  An acid dragon (D:9)
  A sky beast (D:7)
  A black bear (D:6)
  4 orc warriors
  3 ice beasts
  A centaur (D:10)
  A phantom (D:5)
  2 kobold brigands
  2 bullfrogs
  5 scorpions
  4 wights (D:8)
  6 killer bees
  2 howler monkeys
  6 electric eels (D:9)
  4 jellies
  3 hounds
  An orc priest (D:3)
  A gnoll bouda (D:7)
  3 iguanas
  8 orc wizards
  Robin (D:4)
  15 gnolls
  10 adders
  A shadow imp (D:6)
  3 white imps
  2 ufetubi (D:5)
  A worm (D:2)
  2 dart slugs
  38 orcs
  4 endoplasms
  5 giant cockroaches
  18 goblins
  3 hobgoblins
  6 jackals
  A quokka (D:4)
  14 ball pythons
  4 bats
  3 frilled lizards
  16 kobolds
  7 rats
229 creatures vanquished.

Vanquished Creatures (others)
  A scorpion (D:4)
1 creature vanquished.

Grand Total: 230 creatures vanquished

Notes
Turn   | Place    | Note
-------+----------+-------------------------------------------
     0 | D:1      | Newt the Demonspawn Gladiator began the quest for the Orb.
     0 | D:1      | Reached XP level 1. HP: 16/16 MP: 1/1
   252 | D:1      | Reached skill level 1 in Stealth
   291 | D:1      | Gained mutation: You are partially covered in sharp spines.
                  | [demonic ancestry]
   291 | D:1      | Reached XP level 2. HP: 18/22 MP: 2/2
   460 | D:1      | Found Goesoson's Weapon Emporium.
   987 | D:2      | Reached XP level 3. HP: 29/29 MP: 3/3
  1423 | D:2      | Reached XP level 4. HP: 27/37 MP: 4/4
  1812 | D:3      | Gained mutation: You have sharp fingernails. [demonic
                  | ancestry]
  1812 | D:3      | Reached XP level 5. HP: 36/42 MP: 5/5
  2129 | D:3      | Found a faded altar of an unknown god.
  2238 | D:3      | Prayed at the altar of an unknown god.
  2238 | D:3      | Became a worshipper of Gozag Ym Sagoz the Greedy
  3021 | D:4      | Noticed Robin
  3109 | D:4      | Killed Robin
  3110 | D:4      | Reached XP level 6. HP: 48/48 MP: 6/6
  3965 | D:4      | Reached XP level 7. HP: 22/54 MP: 7/7
  4643 | D:1      | Bought a +5 war axe of distortion for 392 gold pieces
  4741 | D:5      | Entered Level 5 of the Dungeon
  4807 | D:5      | Reached skill level 5 in Fighting
  5037 | D:5      | Found an iron altar of Okawaru.
  5204 | D:5      | Reached skill level 1 in Axes
  5212 | D:5      | Reached skill level 2 in Axes
  5264 | D:5      | Reached skill level 3 in Axes
  5264 | D:5      | Gained mutation: You are partially covered in large bone
                  | plates. (SH +4) [demonic ancestry]
  5264 | D:5      | Reached XP level 8. HP: 63/64 MP: 8/8
  5392 | D:5      | Reached skill level 4 in Axes
  5788 | D:5      | Found a hide-covered altar of Uskayaw.
  6080 | D:6      | Reached skill level 5 in Axes
  6292 | D:6      | Found a staircase to the Ecumenical Temple.
  6322 | D:6      | Reached skill level 6 in Axes
  6771 | D:6      | Noticed Eustachio
  6784 | D:6      | Killed Eustachio
  6785 | D:6      | Reached skill level 7 in Axes
  6960 | D:7      | Gained mutation: You have very sharp fingernails. [demonic
                  | ancestry]
  6960 | D:7      | Reached XP level 9. HP: 62/69 MP: 9/9
  7223 | D:7      | Reached skill level 8 in Axes
  7312 | D:7      | Reached skill level 1 in Armour
  7547 | D:8      | Found a transporter.
  7547 | D:8      | Found a transporter.
  7555 | D:8      | Found a transporter.
  7555 | D:8      | Found a transporter.
  7809 | D:8      | Identified the +3 short sword of Nakupej {distort, rF+
                  | Str+2 Dex+6}
  8456 | D:8      | Reached skill level 5 in Armour
  9102 | D:9      | Reached XP level 10. HP: 48/76 MP: 5/10
  9925 | D:9      | Reached skill level 5 in Evocations
 10485 | D:9      | Reached skill level 9 in Axes
 10926 | D:10     | Entered Level 10 of the Dungeon
 10971 | D:10     | Reached skill level 10 in Axes
 10971 | D:10     | Noticed a two-headed ogre
 10985 | D:10     | Killed a two-headed ogre
 10989 | D:10     | Noticed a green ugly thing
 10996 | D:10     | Killed a green ugly thing
 10997 | D:10     | Reached skill level 11 in Axes
 10997 | D:10     | Gained mutation: You are mostly covered in large bone
                  | plates. (SH +6) [demonic ancestry]
 10997 | D:10     | Reached XP level 11. HP: 79/81 MP: 11/11
 11004 | D:10     | Noticed a centaur warrior
 11004 | D:10     | Noticed a boulder beetle
 11021 | D:10     | Shot with an arrow by a centaur warrior

Illustrated notes

Levels and vault maps discovered:
D:1:      elethiomel_arrival_fortress_basement, layout_basic, serial_shops, shop
D:2:      layout_loops_ring
D:3:      layout_loops_cross, nicolae_ecumenical_snake_handling
D:4:      kennysheep_goblin_castle, layout_cave_pods
D:5:      cheibrodos_iron_armory, layout_cave_pools,
          mainiacjoe_overflow_alcove_3, kennysheep_decorative_pillar
D:6:      layout_loops_corners, temple_pool_b, hangedman_decor_riveting,
          uniq_eustachio
D:7:      layout_basic
D:8:      layout_loops_ring, nicolae_diode_quadrants
D:9:      layout_basic, kennysheep_nondescript
D:10:     layout_rooms, hellmonk_lair_entry_icy, minmay_pinched_square

Skill      XL: |  1  2  3  4  5  6  7  8  9 10 |
---------------+-------------------------------+-----
Stealth        | 1 |  1.5
Fighting       | 3 4 6 |  6.0
Short Blades   | 3 4 |  4.0
Dodging        | 3 4 |  4.0
Throwing       | 4 |  4.0
Axes           | 3 7 8 11 | 11.4
Armour         | 6 |  6.0
Evocations     | 3 5 |  5.0

Action                     |  1- 3 |  4- 6 |  7- 9 | 10-12 || total
---------------------------+-------+-------+-------+-------++-------
  Melee: Rapier            |    77 |   152 |    12 |       ||   241
         Punch             |     1 |     2 |     1 |     1 ||     5
         War axe           |       |       |   157 |   139 ||   296
  Throw: Throwing net      |     2 |       |       |       ||     2
         Stone             |       |    29 |     4 |       ||    33
         Javelin           |       |     3 |     1 |       ||     4
         Dart              |       |     1 |       |       ||     1
  Evoke: Wand              |       |       |       |     3 ||     3
    Use: Scroll            |       |     4 |     8 |     4 ||    16
         Potion            |       |     4 |       |       ||     4
   Stab: Sleeping          |     2 |     4 |       |       ||     6
         Invisible         |       |     1 |       |       ||     1
         Distracted        |       |       |       |     2 ||     2
 Armour: Leather armour    |    17 |    15 |       |       ||    32
         Chain mail        |       |    29 |    68 |    31 ||   128
         Skin              |       |     7 |     1 |       ||     8
  Dodge: Dodged            |    42 |    75 |   100 |    51 ||   268
  Block: Other             |       |       |    21 |    22 ||    43

Table legend: (Time is in decaauts)
 A = Elapsed time spent in this place.
 B = Non-inter-level travel time spent in this place.
 C = Inter-level travel time spent in this place.
 D = Time resting spent in this place.
 E = Time spent auto-exploring this place.
 F = Levels seen in this place.
 G = Mean time per level.
                   A        B        C        D        E       F      G
               +--------+--------+--------+--------+--------+-----+--------+
         Total |  11109 |  10576 |    533 |   2599 |   6450 |  10 | 1110.9 |
       Dungeon |  11109 |  10576 |    533 |   2599 |   6450 |  10 | 1110.9 |
               +--------+--------+--------+--------+--------+-----+--------+

Top non-repeatable levels by time:
     D:9: 2468 daAuts
     D:4: 2204 daAuts
     D:6: 1094 daAuts
     D:8: 1030 daAuts
     D:2: 1007 daAuts
     D:5: 917 daAuts
     D:3: 893 daAuts
     D:1: 848 daAuts
     D:7: 550 daAuts
    D:10: 93 daAuts
